 Dungeon Crawl Stone Soup version 0.30.1-4-g462c640d31 (webtiles) character file.

Game seed: 10954410733709292766

28 Kurtz the Covered (level 3, 23/23 HPs)
             Began as a Tengu Fighter on Sept 15, 2023.
             Was an Initiate of Ashenzari.
             Quit the game on level 1 of the Dungeon.
             The game lasted 00:00:54 (582 turns).

Kurtz the Covered (Tengu Fighter)                    Turns: 582, Time: 00:00:55

Health: 23/23      AC:  6    Str: 18    XL:     3   Next: 12%
Magic:  4/4        EV:  9    Int:  8    God:    Ashenzari [......]
Gold:   53         SH:  4    Dex: 13    Spells: 2/2 levels left

rFire   . . .        a - +0 war axe
rCold   . . .        c - +0 buckler
rNeg    . . .        b - +0 scale mail
rPois   .            (helmet restricted)
rElec   .            (no cloak)
rCorr   .            (no gloves)
SInv    .            (boots unavailable)
Will    .....        e - amulet of magic regeneration Stlth
                     (no ring)
HPRegen 0.23/turn    (no ring)
MPRegen 0.49/turn

%: no passive effects
@: no status effects
A: beak, talons 3
a: Renounce Religion, Curse Item


You were on level 1 of the Dungeon.
You worshipped Ashenzari.
Ashenzari was noncommittal.
You visited 1 branch of the dungeon, and saw 2 of its levels.

You collected 53 gold pieces.

Inventory:

Hand Weapons
 a - a +0 war axe (weapon)
Missiles
 j - 4 poisoned darts (quivered)
Armour
 b - a +0 scale mail (worn)
 c - a +0 buckler (worn)
Jewellery
 e - an amulet of magic regeneration (around neck)
 i - an amulet of regeneration
Scrolls
 g - 2 scrolls of identify {unknown}
 h - a scroll of acquirement {unknown}
Potions
 d - a potion of might
 f - a potion of mutation {unknown}


   Skills:
 + Level 3.2 Fighting
 + Level 2.8 Axes
 + Level 3.5 Armour
 + Level 3.3 Shields


You had 2 spell levels left.
You didn't know any spells.
Your spell library was empty.

Dungeon Overview and Level Annotations

Branches:
Dungeon (2/15)

Altars:
Ashenzari


Innate Abilities, Weirdness & Mutations

You have a beak for a mouth.
You have claws for feet.


Message History

No target in view!
No target in view!
No target in view!
No target in view!
No target in view!
Done exploring.
Done exploring.
Done exploring.
No target in view!
(D) Dungeon
Where to? (? - help)
You see here a bat corpse.
There is a stone staircase leading down here.
You climb downwards.
Found a faded altar of an unknown god.
There is a stone staircase leading up here.
A bat comes into view.
A bat is nearby!
No reachable target in view!
No reachable target in view!
The bat completely misses you.
There is a faded altar of an unknown god here.
This altar belongs to (a) Jiyva, (b) Ashenzari or (c) Okawaru, but you can't tell which.
Press the corresponding letter to learn more about a god, or press enter to convert or escape to cancel.
Ashenzari accepts your prayer! Ashenzari welcomes you!
Ashenzari warns you of distant threats and treasures.
Ashenzari reveals the structure of the dungeon to you.
Ashenzari shows you where magical portals lie.
The bat hits you but does no damage. x2
Are you sure you want to abandon this character and quit the game? (Confirm with "yes".)
Okay, then.
The bat barely misses you. The bat attacks as you move away!
The bat hits you but does no damage. The bat closely misses you.
There is a stone staircase leading up here.
The bat hits you but does no damage.
You climb upwards.
There is a stone staircase leading down here.
No target in view!
No target in view!
Ashenzari invites you to partake of a vision and a curse of evocations and ranged combat.
Are you sure you want to abandon this character and quit the game? (Confirm with "yes".)

#.##################.#.# #...†.#
#...# #####.########## #######
#...)....[.# #.....# #####
#..........# #.###.# #....
######..........# #.#...# #.###
................# #.#.### #.# #
.....#..........#####.#.#####.###
.....+..........@............>...
.....#..........#####.###.##..###
.....#..........#####.....##.....
>.....................÷.####...##
.####†..............†...'..#.....
.####.#######..........)##.#....#
...).......##...........##.#....#
......####...##.........##.#.....
......# ###.##............#..###


There were no monsters in sight!

Vanquished Creatures
  3 bats (D:1)
  An endoplasm (D:1)
  3 goblins (D:1)
  2 hobgoblins (D:1)
  6 jackals (D:1)
  A quokka (D:1)
  A ball python (D:1)
  3 frilled lizards (D:1)
  3 kobolds (D:1)
  2 rats (D:1)
25 creatures vanquished.

Notes
Turn   | Place    | Note
-------+----------+-------------------------------------------
     0 | D:1      | Kurtz the Tengu Fighter began the quest for the Orb.
     0 | D:1      | Reached XP level 1. HP: 14/14 MP: 2/2
    51 | D:1      | Reached XP level 2. HP: 11/19 MP: 3/3
   328 | D:1      | Reached XP level 3. HP: 23/23 MP: 4/4
   555 | D:2      | Found a faded altar of an unknown god.
   561 | D:2      | Prayed at the altar of an unknown god.
   561 | D:2      | Became a worshipper of Ashenzari the Shackled
   582 | D:1      | Quit the game

Illustrated notes

Levels and vault maps discovered:
D:1:      lemuel_arrival_behind_the_door_large, layout_basic,
          minmay_misc_feat_ornament
D:2:      layout_basic, nicolae_ecumenical_oubliette, minmay_surrounded,
          uniq_jessica, uniq_terence

Action                     || total
---------------------------++-------
  Melee: War axe           ||    45
         Kick              ||     4
         Peck              ||     2
 Armour: Scale mail        ||    29
  Dodge: Dodged            ||    26
  Block: Buckler           ||    14
